PBL
NEW JERSEY DEVILS @ TROIS-RIVERES AIGLES
07/12/2045
 
TOP OF THE 1ST
New Jersey Devils batting - Pitching for Trois-Riveres Aigles : RHP Mike Oliver
Pitching: RHP Mike Oliver
Batting: LHB Matt Baker 0-0: Called Strike
0-1: Foul Ball, location: 2F
0-2: Ball
1-2: Ball
2-2: Strikes out swinging
Batting: SHB Tyler Maddux 0-0: Ball
1-0: Ball
2-0: Foul Ball, location: 2F
2-1: Ground out 4-3 (Groundball, 4M, EV 98.8 MPH)
Batting: LHB Dan Bremseth 0-0: Called Strike
0-1: Reached via error on a dropped throw from 1B, E1 (Groundball, 34, EV 83.1 MPH)
Batting: LHB Tony Leyba 0-0: Ball
1-0: Ball
2-0: Ball
3-0: Base on Balls
Dan Bremseth to second
Batting: RHB Dan Muse 0-0: Swinging Strike
0-1: Ball
1-1: Ball
2-1: Ball
3-1: Ground out 6-3 (Groundball, 6S, EV 91.2 MPH)
Top of the 1st over - 0 runs, 0 hits, 1 error, 2 left on base; New Jersey 0 - Trois-Riveres 0
BOTTOM OF THE 1ST
Trois-Riveres Aigles batting - Pitching for New Jersey Devils : RHP Adrian Colorado
Pitching: RHP Adrian Colorado
Batting: LHB Jonathan Spino 0-0: Ball
1-0: Ball
2-0: Ball
3-0: Base on Balls
Batting: RHB Josh Harmon 0-0: Grounds into double play, 3-6-3 (Groundball, 34, EV 105.6 MPH)
Batting: LHB Rich Matthews 0-0: Called Strike
0-1: Swinging Strike
0-2: SINGLE (Flyball, 3D, EV 83.8 MPH)
Batting: LHB Sean Banks 0-0: Swinging Strike
0-1: Ball
1-1: Fielders Choice at 2nd, 6-4 (Groundball, 6, EV 104.4 MPH)
Bottom of the 1st over - 0 runs, 1 hit, 0 errors, 1 left on base; New Jersey 0 - Trois-Riveres 0
TOP OF THE 2ND
New Jersey Devils batting - Pitching for Trois-Riveres Aigles : RHP Mike Oliver
Batting: LHB Miguel Ramos 0-0: Called Strike
0-1: Ball
1-1: Foul Ball, location: 2F
1-2: Foul Ball, location: 2F
1-2: Ball
2-2: Ball
3-2: Foul Ball, location: 2F
3-2: SINGLE (Groundball, 6D, EV 106.2 MPH)
Batting: RHB Oscar Bravo 0-0: Ball
1-0: Foul Ball, location: 2F
1-1: Called Strike
1-2: Fly out, F8 (Flyball, 78M, EV 90.6 MPH)
Batting: RHB Jim Freels 0-0: Ball
1-0: Ball
2-0: Reached on error, E5 (Groundball, 5D, EV 85.0 MPH)
Miguel Ramos to second
Batting: RHB Michael Youngberry 0-0: Foul Ball, location: 2F
0-1: Fly out, F8 (Line Drive, 8RD, EV 98.1 MPH)
Batting: LHB Matt Baker 0-0: Called Strike
0-1: Foul Ball, location: 2F
0-2: Foul Ball, location: 2F
0-2: Fly out, F6 (Line Drive, 6M, EV 98.1 MPH)
Top of the 2nd over - 0 runs, 1 hit, 1 error, 2 left on base; New Jersey 0 - Trois-Riveres 0
BOTTOM OF THE 2ND
Trois-Riveres Aigles batting - Pitching for New Jersey Devils : RHP Adrian Colorado
Batting: RHB Alex Diaz 0-0: Called Strike
0-1: Ball
1-1: Foul Ball, location: 2F
1-2: Foul Ball, location: 2F
1-2: Ball
2-2: Fly out, F8 (Flyball, 8LM, EV 86.2 MPH)
Batting: RHB Dave Galloway 0-0: Called Strike
0-1: Fly out, F8 (Flyball, 8RXD, EV 91.2 MPH)
Batting: RHB Jason Penfield 0-0: Ball
1-0: Ball
2-0: Ball
3-0: Called Strike
3-1: Base on Balls
Batting: RHB Alex Koral 0-0: Ball
1-0: SINGLE (Line Drive, 89S, EV 90.0 MPH)
Jason Penfield to second
Batting: RHB Wan-ling Zhu 0-0: Called Strike
0-1: Ball
1-1: Ball
2-1: Foul Ball, location: 2F
2-2: Strikes out swinging
Bottom of the 2nd over - 0 runs, 1 hit, 0 errors, 2 left on base; New Jersey 0 - Trois-Riveres 0
TOP OF THE 3RD
New Jersey Devils batting - Pitching for Trois-Riveres Aigles : RHP Mike Oliver
Batting: SHB Tyler Maddux 0-0: Ball
1-0: Foul Ball, location: 2F
1-1: Fly out, F9 (Line Drive, 9, EV 95.0 MPH)
Batting: LHB Dan Bremseth 0-0: Fly out, F3 (Popup, 3SF, EV 72.5 MPH)
Batting: LHB Tony Leyba 0-0: Called Strike
0-1: Ball
1-1: Swinging Strike
1-2: Ball
2-2: Strikes out swinging
Top of the 3rd over - 0 runs, 0 hits, 0 errors, 0 left on base; New Jersey 0 - Trois-Riveres 0
BOTTOM OF THE 3RD
Trois-Riveres Aigles batting - Pitching for New Jersey Devils : RHP Adrian Colorado
Batting: LHB Jonathan Spino 0-0: Ball
1-0: Called Strike
1-1: Fly out, F7 (Flyball, 7S, EV 94.4 MPH)
Batting: RHB Josh Harmon 0-0: Ball
1-0: Ball
2-0: SINGLE (Groundball, 4MD, EV 110.0 MPH)
Batting: LHB Rich Matthews 0-0: Hit by Pitch
Josh Harmon to second
Batting: LHB Sean Banks 0-0: Ball
1-0: Ball
2-0: Ball
3-0: Called Strike
3-1: Foul Ball, location: 2F
3-2: Fly out, F8 (Flyball, 78M, EV 82.5 MPH)
Batting: RHB Alex Diaz 0-0: Called Strike
0-1: Ball
1-1: Foul Ball, location: 2F
1-2: Foul Ball, location: 2F
1-2: Foul Ball, location: 2F
1-2: Fly out, F7 (Flyball, 7LM, EV 91.9 MPH)
Bottom of the 3rd over - 0 runs, 1 hit, 0 errors, 2 left on base; New Jersey 0 - Trois-Riveres 0
TOP OF THE 4TH
New Jersey Devils batting - Pitching for Trois-Riveres Aigles : RHP Mike Oliver
Batting: RHB Dan Muse 0-0: Ball
1-0: Called Strike
1-1: Ball
2-1: Foul Ball, location: 2F
2-2: Foul Ball, location: 2F
2-2: SOLO HOME RUN (Flyball, 7D, EV 104.4 MPH), Distance : 397 ft
Batting: LHB Miguel Ramos 0-0: Ball
1-0: Ball
2-0: Ball
3-0: Base on Balls
Batting: RHB Oscar Bravo 0-0: Ball
1-0: Called Strike
1-1: Foul Ball, location: 2F
1-2: Ball
2-2: Ball
3-2: Foul Ball, location: 2F
3-2: Fly out, F8 (Line Drive, 8LD, EV 100.6 MPH)
Batting: RHB Jim Freels 0-0: Ball
1-0: Swinging Strike
1-1: Foul Ball, location: 2F
1-2: Strikes out swinging
Batting: RHB Michael Youngberry 0-0: Ball
1-0: Fly out, F9 (Flyball, 9D, EV 97.5 MPH)
Top of the 4th over - 1 run, 1 hit, 0 errors, 1 left on base; New Jersey 1 - Trois-Riveres 0
BOTTOM OF THE 4TH
Trois-Riveres Aigles batting - Pitching for New Jersey Devils : RHP Adrian Colorado
Batting: RHB Dave Galloway 0-0: Swinging Strike
0-1: Swinging Strike
0-2: Ball
1-2: Strikes out swinging
Batting: RHB Jason Penfield 0-0: Ball
1-0: Fly out, F8 (Flyball, 78XD, EV 100.6 MPH)
Batting: RHB Alex Koral 0-0: Called Strike
0-1: Ball
1-1: Ball
2-1: Ball
3-1: Base on Balls
Batting: RHB Wan-ling Zhu 0-0: Called Strike
0-1: Ball
1-1: Ball
2-1: Fielders Choice at 2nd, 5-4 (Groundball, 56, EV 107.5 MPH)
Bottom of the 4th over - 0 runs, 0 hits, 0 errors, 1 left on base; New Jersey 1 - Trois-Riveres 0
TOP OF THE 5TH
New Jersey Devils batting - Pitching for Trois-Riveres Aigles : RHP Mike Oliver
Batting: LHB Matt Baker 0-0: Ball
1-0: Ball
2-0: Ball
3-0: Base on Balls
Batting: SHB Tyler Maddux 0-0: Foul Ball, location: 2F
0-1: Called Strike
0-2: Foul Ball, location: 2F
0-2: Ball
1-2: Ball
2-2: Foul Ball, location: 2F
2-2: Strikes out swinging
Matt Baker steals 2nd base
Batter strikes out.
Batting: LHB Dan Bremseth 0-0: Called Strike
0-1: Ball
1-1: Ball
2-1: Foul Ball, location: 2F
2-2: Foul Ball, location: 2F
2-2: Ball
3-2: Foul Ball, location: 2F
3-2: 2-RUN HOME RUN (Flyball, 89XD, EV 111.2 MPH), Distance : 441 ft
Batting: LHB Tony Leyba 0-0: Ball
1-0: Foul Ball, location: 2F
1-1: Ball
2-1: SOLO HOME RUN (Flyball, 8RXD, EV 110.6 MPH), Distance : 454 ft
Batting: RHB Dan Muse 0-0: Ball
1-0: Called Strike
1-1: Ball
2-1: Ball
3-1: Base on Balls
Batting: LHB Miguel Ramos 0-0: Ball
Dan Muse steals 2nd base
1-0: Called Strike
1-1: Foul Ball, location: 2F
1-2: Ball
2-2: Foul Ball, location: 2F
2-2: Foul Ball, location: 2F
2-2: Ball
3-2: Fly out, F6 (Flyball, 56D, EV 71.2 MPH)
Pitching: RHP Eddie Aguirre
Batting: RHB Oscar Bravo 0-0: Ball
1-0: Ball
2-0: Ball
3-0: Called Strike
3-1: Base on Balls
Batting: RHB Jim Freels 0-0: Foul Ball, location: 2F
0-1: Ball
1-1: Swinging Strike
1-2: Strikes out swinging
Top of the 5th over - 3 runs, 2 hits, 0 errors, 2 left on base; New Jersey 4 - Trois-Riveres 0
BOTTOM OF THE 5TH
Trois-Riveres Aigles batting - Pitching for New Jersey Devils : RHP Adrian Colorado
Batting: LHB Jonathan Spino 0-0: Called Strike
0-1: Fly out, F7 (Flyball, 7LM, EV 110.0 MPH)
Batting: RHB Josh Harmon 0-0: Called Strike
0-1: Swinging Strike
0-2: Ball
1-2: Foul Ball, location: 2F
1-2: Ground out 6-3 (Groundball, 6, EV 103.1 MPH)
Batting: LHB Rich Matthews 0-0: Ball
1-0: Ball
2-0: Foul Ball, location: 2F
2-1: SINGLE (Groundball, 34D, EV 89.4 MPH) (infield hit)
Batting: LHB Sean Banks 0-0: Ball
1-0: Ground out 5-3 (Groundball, 5S, EV 78.1 MPH)
Bottom of the 5th over - 0 runs, 1 hit, 0 errors, 1 left on base; New Jersey 4 - Trois-Riveres 0
TOP OF THE 6TH
New Jersey Devils batting - Pitching for Trois-Riveres Aigles : RHP Eddie Aguirre
Batting: RHB Michael Youngberry 0-0: Ball
1-0: Ball
2-0: Ball
3-0: Called Strike
3-1: Called Strike
3-2: Foul Ball, location: 2F
3-2: Foul Ball, location: 2F
3-2: Strikes out swinging
Batting: LHB Matt Baker 0-0: Swinging Strike
0-1: Ball
1-1: Foul Ball, location: 2F
1-2: Strikes out looking
Batting: SHB Tyler Maddux 0-0: Called Strike
0-1: Ball
1-1: Called Strike
1-2: Ground out 6-3 (Groundball, 6, EV 98.1 MPH)
Top of the 6th over - 0 runs, 0 hits, 0 errors, 0 left on base; New Jersey 4 - Trois-Riveres 0
BOTTOM OF THE 6TH
Trois-Riveres Aigles batting - Pitching for New Jersey Devils : RHP Adrian Colorado
Batting: RHB Alex Diaz 0-0: Called Strike
0-1: Ground out 5-3 (Groundball, 56, EV 101.9 MPH)
Batting: RHB Dave Galloway 0-0: Ball
1-0: SINGLE (Groundball, 56D, EV 95.0 MPH)
Batting: RHB Jason Penfield 0-0: Ball
1-0: Swinging Strike
1-1: Called Strike
1-2: Strikes out swinging
Batting: RHB Alex Koral 0-0: Called Strike
0-1: SINGLE (Line Drive, 89M, EV 104.4 MPH)
Dave Galloway to second
Batting: RHB Wan-ling Zhu 0-0: Ball
1-0: Fly out, F2 (Popup, 2LF, EV 97.5 MPH)
Bottom of the 6th over - 0 runs, 2 hits, 0 errors, 2 left on base; New Jersey 4 - Trois-Riveres 0
TOP OF THE 7TH
New Jersey Devils batting - Pitching for Trois-Riveres Aigles : RHP Eddie Aguirre
Pitching: LHP Ryan Folks
Batting: LHB Dan Bremseth 0-0: Ball
1-0: Called Strike
1-1: Ball
2-1: Ball
3-1: Called Strike
3-2: Base on Balls
Batting: LHB Tony Leyba 0-0: Called Strike
0-1: Swinging Strike
0-2: Ball
1-2: Strikes out swinging
Batting: RHB Dan Muse 0-0: Ball
1-0: Ball
2-0: Foul Ball, location: 2F
2-1: Ball
3-1: Foul Ball, location: 2F
3-2: Base on Balls
Dan Bremseth to second
Batting: LHB Miguel Ramos 0-0: SINGLE (Line Drive, 8LS, EV 106.9 MPH)
Dan Bremseth to third
Dan Muse to second
Runner from 3rd tries for Home, SAFE, throw by CF to home
Batting: RHB Oscar Bravo 0-0: Ball
Balk!
Dan Muse to third
Miguel Ramos to second
1-0: 3-RUN HOME RUN (Flyball, 7LD, EV 94.4 MPH), Distance : 352 ft
Pitching: RHP Cortez Cruz
Batting: RHB Jim Freels 0-0: Fly out, F7 (Line Drive, 7D, EV 91.2 MPH)
Batting: RHB Michael Youngberry 0-0: Ball
1-0: Ball
2-0: Ball
3-0: Base on Balls
Batting: LHB Matt Baker 0-0: Ball
1-0: Ball
2-0: Called Strike
2-1: Foul Ball, location: 2F
2-2: Ball
3-2: Ground out U3 (Groundball, 3, EV 93.1 MPH)
Top of the 7th over - 4 runs, 2 hits, 0 errors, 1 left on base; New Jersey 8 - Trois-Riveres 0
BOTTOM OF THE 7TH
Trois-Riveres Aigles batting - Pitching for New Jersey Devils : RHP Adrian Colorado
Batting: LHB Jonathan Spino 0-0: Foul Ball, location: 2F
0-1: Ball
1-1: Ball
2-1: Foul Ball, location: 2F
2-2: Ball
3-2: Reached on error, E3 (Popup, 3, EV 84.4 MPH)
Batting: RHB Josh Harmon 0-0: Called Strike
0-1: Ball
1-1: Called Strike
1-2: Foul Ball, location: 2F
1-2: Ball
2-2: Ball
3-2: Foul Ball, location: 2F
3-2: Base on Balls
Jonathan Spino to second
Batting: LHB Rich Matthews 0-0: Ball
1-0: Called Strike
1-1: Called Strike
1-2: Ball
2-2: Foul Ball, location: 2F
2-2: Foul Ball, location: 2F
2-2: Fly out, F7 (Flyball, 78D, EV 102.5 MPH)
Batting: LHB Sean Banks 0-0: Called Strike
Jonathan Spino steals 3rd base (no throw)
Josh Harmon to second
0-1: Ball
1-1: Ball
2-1: Foul Ball, location: 2F
2-2: Fly out, F8 (Flyball, 8RM, EV 93.1 MPH)
Runner from 3rd tags up, SCORES, throw by CF
Josh Harmon to third
Pitching: RHP Jeremy Delka
Batting: RHB Alex Diaz 0-0: Ball
1-0: Called Strike
1-1: Ball
2-1: Ball
3-1: Base on Balls
Batting: RHB Dave Galloway 0-0: Ball
1-0: Called Strike
1-1: Foul Ball, location: 2F
1-2: Ball
2-2: Ball
3-2: Base on Balls
Alex Diaz to second
Batting: RHB Jason Penfield 0-0: Ball
1-0: Foul Ball, location: 2F
1-1: Fielders Choice at 2nd, U6 (Groundball, 6M, EV 86.9 MPH)
Bottom of the 7th over - 1 run, 0 hits, 1 error, 3 left on base; New Jersey 8 - Trois-Riveres 1
TOP OF THE 8TH
New Jersey Devils batting - Pitching for Trois-Riveres Aigles : RHP Cortez Cruz
Batting: SHB Tyler Maddux 0-0: Ball
1-0: Ball
2-0: Foul Ball, location: 2F
2-1: Ball
3-1: Base on Balls
Batting: LHB Dan Bremseth 0-0: Called Strike
0-1: Ball
1-1: Ball
2-1: SINGLE (Groundball, 34D, EV 104.4 MPH)
Tyler Maddux to second
Batting: LHB Tony Leyba 0-0: Ball
1-0: 3-RUN HOME RUN (Flyball, 9D, EV 96.2 MPH), Distance : 378 ft
Batting: RHB Dan Muse 0-0: Ball
1-0: Ball
2-0: Ball
3-0: Base on Balls
Batting: LHB Miguel Ramos 0-0: Ball
1-0: Foul Ball, location: 2F
1-1: SINGLE (Line Drive, 56D, EV 95.6 MPH)
Dan Muse to second
Batting: RHB Oscar Bravo 0-0: Fly out, F9 (Flyball, 9, EV 88.8 MPH)
Batting: RHB Jim Freels 0-0: Ball
1-0: Ball
2-0: Called Strike
2-1: Foul Ball, location: 2F
2-2: Strikes out looking
Batting: RHB Michael Youngberry 0-0: Foul Ball, location: 2F
0-1: Ball
1-1: Called Strike
1-2: Fly out, F3 (Popup, 3, EV 75.0 MPH)
Top of the 8th over - 3 runs, 3 hits, 0 errors, 2 left on base; New Jersey 11 - Trois-Riveres 1
BOTTOM OF THE 8TH
Trois-Riveres Aigles batting - Pitching for New Jersey Devils : RHP Jeremy Delka
Batting: RHB Alex Koral 0-0: Ball
1-0: Swinging Strike
1-1: Foul Ball, location: 2F
1-2: Fly out, F8 (Flyball, 8LXD, EV 109.4 MPH)
Pinch Hitting: LHB Oscar Curiel 0-0: Called Strike
0-1: Foul Ball, location: 2F
0-2: Ball
1-2: Foul Ball, location: 2F
1-2: Strikes out looking
Batting: LHB Jonathan Spino 0-0: Ball
1-0: Ground out 4-3 (Groundball, 4M, EV 85.6 MPH)
Bottom of the 8th over - 0 runs, 0 hits, 0 errors, 0 left on base; New Jersey 11 - Trois-Riveres 1
TOP OF THE 9TH
New Jersey Devils batting - Pitching for Trois-Riveres Aigles : RHP Cortez Cruz
Pitching: RHP Bobby Valenzuela
Now at 2B: Gabe Higley
Now at 3B: Jason Penfield
Now at SS: Alex Koral
Batting: LHB Matt Baker 0-0: Ball
1-0: SINGLE (Groundball, 25, EV 64.4 MPH) (infield hit)
Batting: SHB Tyler Maddux 0-0: Ball
1-0: Ball
2-0: Called Strike
2-1: Ball
3-1: Foul Ball, location: 2F
3-2: Foul Ball, location: 2F
3-2: Base on Balls
Matt Baker to second
Batting: LHB Dan Bremseth 0-0: Ball
1-0: Ball
Wild Pitch!
Matt Baker to third
Tyler Maddux to second
2-0: Foul Ball, location: 2F
2-1: Ground out 1-3 (Groundball, 13S, EV 69.4 MPH)
Batting: LHB Tony Leyba 0-0: Called Strike
0-1: Ball
1-1: DOUBLE (Line Drive, 7LM, EV 98.1 MPH)
Matt Baker scores
Tyler Maddux scores
Batting: RHB Dan Muse 0-0: Swinging Strike
0-1: Ball
1-1: Hit by Pitch
Batting: LHB Miguel Ramos 0-0: Fly out, F2 (Popup, 25F, EV 87.5 MPH)
Batting: RHB Oscar Bravo 0-0: Ball
1-0: Fly out, F3 (Popup, 3F, EV 69.4 MPH)
Top of the 9th over - 2 runs, 2 hits, 0 errors, 2 left on base; New Jersey 13 - Trois-Riveres 1
BOTTOM OF THE 9TH
Trois-Riveres Aigles batting - Pitching for New Jersey Devils : RHP Jeremy Delka
Batting: RHB Josh Harmon 0-0: Foul Ball, location: 2F
0-1: Swinging Strike
0-2: Foul Ball, location: 2F
0-2: Ball
1-2: Foul Ball, location: 2F
1-2: Strikes out looking
Batting: LHB Rich Matthews 0-0: Ball
1-0: Foul Ball, location: 2F
1-1: Foul Ball, location: 2F
1-2: Fly out, F5 (Flyball, 5D, EV 86.9 MPH)
Batting: LHB Sean Banks 0-0: Ball
1-0: Ball
2-0: Ball
3-0: Base on Balls
Pinch Hitting: RHB Roy Johnson 0-0: Called Strike
0-1: Ball
1-1: Foul Ball, location: 2F
1-2: Strikes out looking
Bottom of the 9th over - 0 runs, 0 hits, 0 errors, 1 left on base; New Jersey 13 - Trois-Riveres 1
Wednesday, June 22nd , 2022 - OOTP Baseball 23.4 Build 64